 Dungeon Crawl Stone Soup version 0.23.0-3-gf3c87f2 (webtiles) character file.

Game seed: 16614534863997956905

61850 Dazliare the Blocker (level 15, -4/113 HPs)
             Began as a Merfolk Venom Mage on Feb 20, 2019.
             Was a High Priest of Nemelex Xobeh.
             Killed by divine providence
             ... invoked by Saint Roka
              (13 damage)
             ... on level 2 of the Orcish Mines on Feb 21, 2019.
             The game lasted 01:31:01 (34629 turns).

Dazliare the Blocker (Merfolk Venom Mage)          Turns: 34629, Time: 01:31:01

Health: -4/113     AC:  7    Str:  9    XL:     15   Next: 4%
Magic:  17/25      EV: 18    Int: 20    God:    Nemelex Xobeh [*****.]
Gold:   604        SH: 12    Dex: 15    Spells: 7/28 levels left

rFire    . . .     SeeInvis .   f - +3 double sword (elec)
rCold    . . .     Gourm    .   Z - +1 buckler {reflect}
rNeg     . . .     Faith    .   E - +0 troll leather armour
rPois    .         Spirit   .   U - +0 helmet
rElec    .         Reflect  +   y - +1 cloak
rCorr    .         Harm     .   (no gloves)
MR       +++..                  (no boots)
Stlth    +++.......             J - +4 amulet of reflection
HPRegen  1.68/turn              Q - ring of protection from magic
MPRegen  0.19/turn              D - ring of protection from magic

@: regenerating (expiring), drained
A: change form in water, swift swim, stealthy swim
a: Draw Escape, Draw Destruction, Draw Summoning, Triple Draw, Deal Four, Stack
Five, Renounce Religion


You were on level 2 of the Orcish Mines.
You worshipped Nemelex Xobeh.
Nemelex Xobeh was extremely pleased with you.
You were hungry.

You visited 3 branches of the dungeon, and saw 19 of its levels.

You collected 1584 gold pieces.
You spent 980 gold pieces at shops.

Inventory:

Hand Weapons
 f - a +3 double sword of electrocution (weapon)
Missiles
 l - 534 stones (quivered)
 m - 251 arrows
 L - a throwing net {!f!f}
Armour
 u - a +1 leather armour of poison resistance
 y - a +1 cloak (worn)
 E - a +0 troll leather armour (worn)
 K - a +0 shield
 U - a +0 helmet (worn)
 Z - a +1 buckler of reflection (worn)
Jewellery
 h - an uncursed ring of flight
 D - a ring of protection from magic (right hand)
 J - a +4 amulet of reflection (around neck)
 Q - a ring of protection from magic (left hand)
 T - an uncursed amulet of rage {unknown}
 Y - a +3 ring of evasion {unknown}
Wands
 k - a wand of digging (8)
 r - a wand of iceblast (39)
 x - a wand of disintegration (7)
 A - a wand of flame (22)
 C - a wand of random effects (14)
 M - a wand of scattershot (9)
 O - a wand of polymorph (15)
 P - a wand of paralysis (8)
Scrolls
 d - 8 scrolls of remove curse {@r2@r2}
 e - 5 scrolls of teleportation
 i - a scroll of blinking
 o - 4 scrolls of enchant armour
 v - 2 scrolls of magic mapping
 F - 4 scrolls of immolation
 G - a scroll of summoning {unknown}
 I - a scroll of amnesia {unknown}
 N - a scroll of fear {unknown}
 V - a scroll of fog {unknown}
 X - a scroll of random uselessness {unknown}
Potions
 b - a potion of mutation {unknown}
 j - 4 potions of heal wounds
 n - 2 potions of brilliance
 p - a potion of invisibility {unknown}
 q - 4 potions of haste
 s - 5 potions of lignification
 z - a potion of ambrosia {unknown}
 B - 2 potions of degeneration {unknown}
 H - a potion of curing {@q1@q1}
 R - 2 potions of magic
 S - 2 potions of cancellation {unknown}
 W - a potion of might {unknown}
Comestibles
 c - 38 rations


   Skills:
 - Level 9.1(8.1) Fighting
 - Level 11.1(10.1) Dodging
 - Level 5.3(4.5) Stealth
 * Level 13.7(12.6) Shields
 + Level 7.0(6.0) Spellcasting
 - Level 0.7(0.0) Conjurations
 - Level 4.2(3.4) Charms
 - Level 7.0(6.0) Summonings
 - Level 4.9(4.0) Necromancy
 - Level 4.0(3.1) Ice Magic
 - Level 10.0(9.0) Poison Magic
 - Level 11.0(9.9) Invocations


You had 7 spell levels left.
You knew the following spells:

 Your Spells              Type           Power        Failure   Level  Hunger
a - Sting                 Conj/Pois      ###.         2%          1    None
b - Poisonous Vapours     Pois/Air       ###...       3%          2    None
c - Mephitic Cloud        Conj/Pois/Air  ###.....     13%         3    ##.....
d - Olgreb's Toxic Radia  Pois           #####...     3%          4    ####...
e - Regeneration          Chrm/Necr      ###.......   10%         3    ##.....
f - Animate Dead          Necr           N/A          28%         4    ####...
g - Summon Ice Beast      Ice/Summ       ###.....     22%         4    ####...

Your spell library contained the following spells:

 Spells                   Type           Power        Failure   Level  Hunger
 Summon Small Mammal      Summ           ####         1%          1    None
 Animate Skeleton         Necr           N/A          2%          1    None
 Pain                     Necr           ###.         2%          1    None
 Freeze                   Ice            ###.         4%          1    None
 Vampiric Draining        Necr           ###.......   9%          3    ##.....
 Throw Frost              Conj/Ice       ##....       12%         2    None
 Ozocubu's Armour         Chrm/Ice       ###.....     12%         3    ##.....
 Recall                   Summ/Tloc      N/A          13%         3    ##.....
 Apportation              Tloc           #.....       14%         1    None
 Confusing Touch          Hex            #.....       14%         1    None
 Flame Tongue             Conj/Fire      #....        14%         1    None
 Aura of Abjuration       Summ           ####......   32%         5    #####..
 Summon Demon             Summ           ####......   32%         5    #####..
 Static Discharge         Conj/Air       #.......     41%         3    ##.....
 Venom Bolt               Conj/Pois      ###.......   54%         5    #####..
 Throw Icicle             Conj/Ice       ##......     58%         4    ####...
 Summon Forest            Summ/Tloc      ###.......   75%         5    #####..
 Summon Mana Viper        Hex/Summ       ###.....     75%         5    #####..
 Cause Fear               Hex            #.........   82%         4    ####...
 Shadow Creatures         Summ           N/A          88%         6    #######
 Lightning Bolt           Conj/Air       #.........   99%         5    #####..
 Bolt of Fire             Conj/Fire      #.........   100%        6    #######
 Dragon Form              Tmut           #.........   100%        7    #######
 Ignition                 Fire           #.........   100%        8    #######
 Dragon's Call            Summ           ####......   100%        9    #######
 Shatter                  Erth           #.........   100%        9    #######
 Tornado                  Air            #.........   100%        9    #######


Dungeon Overview and Level Annotations

Branches:
Dungeon (11/15)            Temple (0/1) D:4            Lair (6/6) D:9
 Shoals (0/4) Lair:3        Snake (0/4) Lair:4        Slime (0/5) Lair:6
    Orc (2/2) D:11
    Elf: Orc:2

Altars:
Ashenzari
Elyvilon
Fedhas
Hepliaklqana
Makhleb
Nemelex Xobeh
Ru
Trog
Vehumet
The Shining One

Shops:
D:11 :   Orc:2 :[

Annotations:
D:4 exclusion: statue
D:6 2 transporters
D:7 exclusion: 2 downstairs
D:8 exclusion: downstairs
D:10 exclusion: orc knight
Lair:2 exclusion: hydra
Lair:3 3 runed translucent doors, exclusion: downstairs, Ixoagrun's ghost, journeyman MiFi
Lair:6 3 runed translucent doors, BecksGhost's ghost, journeyman MiBe
Orc:2 Saint Roka


Message History

There is a stone staircase leading up, spattered with blood here.
You see here a large rock.
You regained 4 hp, and now have 35/113 hp.
Unknown command.
Unknown command.
Unknown command.
Unknown command.
The orc sorcerer gestures at you while chanting.
The bolt of negative energy hits you!!
You feel drained.
* * * LOW HITPOINT WARNING * * *
Your -2 hand axe hits Saint Roka but does no damage.
Your -2 hand axe hits the orange demon.
Your -2 hand axe hits the ogre.
The red devil hits you from afar with a +0 demon trident of draining!
* * * LOW HITPOINT WARNING * * *
You feel drained.
* * * LOW HITPOINT WARNING * * *
Saint Roka invokes the aid of Beogh against you.
Beogh smites you!
You die...
Your body glows with a rainbow of weird colours and disappears.

##.####.###.##.####
#....#...#........##
##.................###
####.................##.##
##.#.#...........(........#
#.............#........#.## #
#............#..(.(......#
.####..........[#)...#....#.##
...#............@[........### #
......#.........[......[...######
..............§4..[.).....#(##.#.
..#.........§o.(##)[.......((.(..
#...#.......oO#([[....[.....[((.
##..##.....4(#[..[).............
#.......#.)#..(.))..)#.......#.
##.##.###....(([).....#.#.#.#..
#...#####....[([<)...###....#..


You could see Saint Roka, an orange demon, an orc sorcerer, a red devil, an ogre
and 2 friendly dancing weapons.

Vanquished Creatures
  A storm dragon (Orc:1)
  A stone giant (Orc:2)
  2 ettins (Orc:1)
  3 hydras
  5 two-headed ogres
  An orc high priest (Orc:1)
  An unseen horror (D:9)
  7 cyclopes
  A manticore (D:11)
  2 black mambas (Lair:4)
  Maurice (D:8)
  11 elephants
  15 spiny frogs
  A rime drake (Lair:6)
  8 komodo dragons
  3 trolls
  A polar bear (Lair:3)
  2 queen bees
  2 tyrant leeches (Lair:6)
  7 blink frogs
  3 hippogriffs
  A wraith (D:10)
  47 yaks
  3 wyverns
  4 basilisks
  A vampire mosquito (Lair:6)
  13 water moccasins
  10 porcupines
  23 orc warriors
  A swamp drake (Orc:2)
  2 phantoms
  2 sky beasts (D:10)
  2 ice beasts
  2 black bears
  7 ogres
  6 wolves
  6 centaurs
  7 crocodiles
  4 big kobolds
  Blork the orc (D:6)
  26 bullfrogs
  2 gnoll sergeants
  2 scorpions
  11 wights
  41 killer bees
  A howler monkey (D:10)
  3 crimson imps
  A centaur zombie (D:9)
  2 hounds
  12 orc priests
  3 jellies
  12 orc wizards
  A bullfrog skeleton (D:5)
  2 centaur skeletons (D:10)
  Ijyb (D:3)
  10 worker ants
  A hound zombie (D:8)
  2 hound skeletons (D:9)
  3 worker ant zombies
  20 gnolls
  17 adders
  4 shadow imps
  An ooze (D:1)
  3 adder zombies
  6 worms
  6 dart slugs
  7 leopard geckos
  45 orcs
  5 ball pythons
  9 bats
  5 giant cockroaches
  16 goblins
  14 hobgoblins
  A jackal (Orc:2)
  32 kobolds
  4 quokkas
  5 frilled lizards
  A jackal skeleton (D:4)
  A leopard gecko skeleton (D:5)
  A quokka skeleton (D:5)
  A quokka zombie (D:7)
  7 rats
  2 fungi
  5 plants
574 creatures vanquished.

Vanquished Creatures (collateral kills)
  Rupert (Lair:3)
  Erolcha (D:11)
  A hydra (Lair:6)
  Urug (Orc:1)
  A cyclops (Orc:2)
  An ugly thing (D:11)
  An orc sorcerer (Orc:1)
  3 elephants
  3 black mambas
  10 spiny frogs
  A rime drake (Lair:6)
  2 trolls
  6 blink frogs (Lair:6)
  A tyrant leech (Lair:6)
  2 hippogriffs
  A shadow (D:11)
  3 yaks (Lair:6)
  5 vampire mosquitoes (Lair:6)
  A basilisk (Lair:3)
  2 wargs
  2 water moccasins
  An orc warrior (Orc:2)
  2 ogres (Orc:1)
  A centaur (D:7)
  2 crocodiles (Lair:6)
  A wolf (Lair:5)
  5 bullfrogs
  A wight (D:10)
  2 electric eels (Lair:6)
  4 jellies (Lair:6)
  An orc priest (Orc:2)
  An ooze (Lair:6)
  2 orcs (D:11)
  2 fungi
  A plant (Lair:6)
75 creatures vanquished.

Vanquished Creatures (others)
  A storm dragon (Orc:2)
  An ice dragon (Orc:2)
  A cyclops (Orc:2)
  A spiny frog (Lair:6)
  A komodo dragon (Lair:6)
  A blink frog (Lair:6)
  2 water moccasins
  A porcupine (Orc:2)
  3 orc warriors
  An ice beast (D:7)
  4 ogres
  A crocodile (Lair:6)
  An orc wizard (D:11)
  2 orc priests (Orc:1)
  3 ball lightnings
  3 orcs (Orc:1)
  A bush (Lair:6)
  59 fungi
  63 plants
150 creatures vanquished.

Grand Total: 799 creatures vanquished

Notes
Turn   | Place    | Note
-------+----------+-------------------------------------------
     0 | D:1      | Dazliare the Merfolk Venom Mage began the quest for the
                  | Orb.
     0 | D:1      | Reached XP level 1. HP: 13/13 MP: 3/3
   207 | D:1      | Reached XP level 2. HP: 18/20 MP: 0/5
   259 | D:1      | Learned a level 2 spell: Poisonous Vapours
   428 | D:1      | Reached skill level 1 in Fighting
   898 | D:1      | Reached XP level 3. HP: 22/26 MP: 6/6
  1971 | D:2      | Reached XP level 4. HP: 33/33 MP: 0/7
  2032 | D:1      | Learned a level 3 spell: Mephitic Cloud
  2257 | D:2      | Found a sparkling altar of Nemelex Xobeh.
  2263 | D:2      | Became a worshipper of Nemelex Xobeh the Trickster
  2284 | D:2      | Received a gift from Nemelex Xobeh
  2398 | D:2      | Reached skill level 5 in Poison Magic
  2690 | D:2      | Reached XP level 5. HP: 27/39 MP: 4/8
  3896 | D:3      | Reached * piety under Nemelex Xobeh
  4523 | D:3      | Noticed Ijyb
  4586 | D:3      | Reached XP level 6. HP: 47/47 MP: 7/9
  5391 | D:3      | Killed Ijyb
  5818 | D:4      | Found a radiant altar of Vehumet.
  5827 | D:4      | Found a staircase to the Ecumenical Temple.
  5854 | D:4      | Found a hazy altar of Hepliaklqana.
  5971 | D:4      | Reached XP level 7. HP: 50/54 MP: 2/10
  6042 | D:4      | Learned a level 4 spell: Olgreb's Toxic Radiance
  6074 | D:4      | Reached ** piety under Nemelex Xobeh
  6151 | D:4      | Reached skill level 1 in Invocations
  6608 | D:5      | Entered Level 5 of the Dungeon
  6795 | D:5      | Received a gift from Nemelex Xobeh
  7547 | D:6      | Found a sacrificial altar of Ru.
  7564 | D:6      | Found a bloodstained altar of Trog.
  7564 | D:6      | Found a transporter.
  7564 | D:6      | Noticed a troll
  7567 | D:6      | Noticed a yak
  7579 | D:6      | Found a transporter.
  7622 | D:6      | Reached XP level 8. HP: 60/60 MP: 5/14
  7814 | D:6      | Found a glowing golden altar of the Shining One.
  7814 | D:6      | Found a blossoming altar of Fedhas.
  8020 | D:6      | Received a gift from Nemelex Xobeh
  8029 | D:6      | Reached skill level 5 in Spellcasting
  8263 | D:6      | Reached skill level 1 in Shields
  8278 | D:6      | Reached skill level 2 in Shields
  8594 | D:6      | Noticed Blork the orc
  8625 | D:6      | Killed Blork the orc
  8625 | D:6      | Reached skill level 3 in Shields
  8733 | D:6      | Reached *** piety under Nemelex Xobeh
  9015 | D:7      | Found a burning altar of Makhleb.
  9218 | D:7      | Reached skill level 4 in Shields
  9218 | D:7      | Reached skill level 5 in Invocations
  9638 | D:7      | Reached XP level 9. HP: 30/65 MP: 16/16
  9824 | D:7      | Noticed a troll
  9862 | D:7      | Killed a troll
 10222 | D:7      | Learned a level 3 spell: Regeneration
 10325 | D:8      | Noticed a queen bee
 10359 | D:8      | Killed a queen bee
 10632 | D:8      | Noticed a two-headed ogre
 10677 | D:8      | Noticed Maurice
 10677 | D:8      | Noticed a two-headed ogre
 10681 | D:8      | Reached skill level 1 in Charms
 11106 | D:8      | Killed a two-headed ogre
 11106 | D:8      | Reached XP level 10. HP: 62/71 MP: 2/17
 11575 | D:8      | Received a gift from Nemelex Xobeh
 11598 | D:8      | Found a white marble altar of Elyvilon.
 11631 | D:8      | Found a shattered altar of Ashenzari.
 11754 | D:8      | Killed a two-headed ogre
 11903 | D:8      | Killed Maurice
 11903 | D:8      | Reached skill level 1 in Necromancy
 12181 | D:8      | Reached skill level 10 in Invocations
 12310 | D:8      | Reached skill level 10 in Poison Magic
 12670 | D:9      | Noticed a two-headed ogre
 12742 | D:8      | Killed a two-headed ogre
 12953 | D:8      | Reached XP level 11. HP: 55/77 MP: 15/19
 13630 | D:8      | Reached skill level 5 in Fighting
 14504 | D:9      | Found a blossoming altar of Fedhas.
 14949 | D:9      | Killed an unseen horror
 14949 | D:9      | Reached skill level 5 in Dodging
 15288 | D:9      | Found a staircase to the Lair.
 15395 | D:10     | Entered Level 10 of the Dungeon
 15395 | D:10     | Received a gift from Nemelex Xobeh
 15786 | D:10     | Noticed a two-headed ogre
 15804 | D:10     | Killed a two-headed ogre
 16575 | D:10     | Noticed an orc knight
 17232 | D:11     | Noticed a two-headed ogre
 17243 | D:11     | Killed a two-headed ogre
 17384 | D:11     | Noticed a cyclops
 17412 | D:10     | Killed a cyclops
 17549 | D:11     | Noticed a manticore
 17568 | D:11     | Killed a manticore
 17568 | D:11     | Reached skill level 5 in Shields
 17568 | D:11     | Reached XP level 12. HP: 43/95 MP: 0/20
 17711 | D:11     | Noticed Erolcha
 17747 | D:11     | Found a staircase to the Orcish Mines.
 17851 | D:11     | Found Xobo's Book Emporium.
 18354 | D:10     | Reached skill level 6 in Shields
 18460 | D:11     | Noticed a seven-headed hydra
 18636 | D:11     | Killed Erolcha
 18805 | Lair:1   | Entered Level 1 of the Lair of Beasts
 18805 | Lair:1   | Received a gift from Nemelex Xobeh
 18859 | Lair:1   | Reached **** piety under Nemelex Xobeh
 19063 | Lair:1   | Received a gift from Nemelex Xobeh
 19608 | Lair:1   | Reached skill level 7 in Shields
 19702 | Lair:1   | Reached skill level 10 in Dodging
 20244 | Lair:1   | Reached skill level 8 in Shields
 20868 | Lair:1   | Received a gift from Nemelex Xobeh
 21353 | Lair:2   | Reached skill level 9 in Shields
 21365 | Lair:2   | Learned a level 4 spell: Animate Dead
 21497 | Lair:2   | Noticed an eight-headed hydra
 21728 | Lair:2   | Learned a level 4 spell: Summon Ice Beast
 21960 | Lair:2   | Received a gift from Nemelex Xobeh
 21988 | Lair:3   | Found a runed translucent gate.
 21988 | Lair:3   | Found a runed translucent gate.
 21988 | Lair:3   | Found a runed translucent gate.
 22017 | Lair:3   | Reached XP level 13. HP: 65/101 MP: 5/21
 22254 | Lair:3   | Reached ***** piety under Nemelex Xobeh
 22302 | Lair:3   | Found a frozen archway.
 22435 | Lair:3   | Noticed Rupert
 22452 | Lair:3   | Killed Rupert
 22486 | Lair:3   | Reached skill level 1 in Summonings
 22664 | Lair:3   | Noticed Ixoagrun's ghost (journeyman MiFi)
 23081 | Lair:3   | Found a staircase to the Shoals.
 23465 | Lair:4   | Found a staircase to the Snake Pit.
 23487 | Lair:4   | Reached skill level 5 in Summonings
 23978 | Lair:4   | Reached skill level 1 in Ice Magic
 24419 | Lair:4   | Reached skill level 10 in Shields
 24742 | Lair:4   | Received a gift from Nemelex Xobeh
 26058 | Lair:5   | Received a gift from Nemelex Xobeh
 26687 | Lair:6   | Entered Level 6 of the Lair of Beasts
 26696 | Lair:5   | Reached skill level 11 in Shields
 26786 | Lair:6   | Found a runed translucent gate.
 26786 | Lair:6   | Found a runed translucent gate.
 26786 | Lair:6   | Found a runed translucent gate.
 27665 | Lair:5   | Reached XP level 14. HP: 62/108 MP: 15/22
 27944 | Lair:6   | Noticed BecksGhost's ghost (journeyman MiBe)
 29450 | Lair:6   | Reached skill level 12 in Shields
 31393 | Lair:6   | Found a staircase to the Slime Pits.
 31483 | Lair:6   | Received a gift from Nemelex Xobeh
 31972 | D:11     | Bought a book of Summonings for 980 gold pieces
 31987 | Orc:1    | Entered Level 1 of the Orcish Mines
 31987 | Orc:1    | Noticed an orc warlord
 31990 | Orc:1    | Noticed a storm dragon
 31990 | Orc:1    | an orc warlord changed into a storm dragon
 31991 | Orc:1    | Killed a storm dragon
 32508 | Orc:1    | Received a gift from Nemelex Xobeh
 32631 | Orc:2    | Entered Level 2 of the Orcish Mines
 32631 | Orc:2    | Noticed an orc warlord
 32640 | Orc:1    | Reached skill level 13 in Shields
 32688 | Orc:2    | Noticed a storm dragon
 32688 | Orc:2    | an orc warlord changed into a storm dragon
 32692 | Orc:2    | Killed a storm dragon
 32933 | Orc:2    | Reached skill level 5 in Stealth
 33355 | Orc:1    | Noticed Urug
 33365 | Orc:1    | Killed Urug
 33638 | Orc:2    | Found Iruar's Book Shoppe.
 33665 | Orc:2    | Found Ruoss's Antique Armour Shoppe.
 33666 | Orc:2    | Noticed Saint Roka
 33835 | Orc:2    | Noticed a stone giant
 34276 | Orc:2    | Killed a stone giant
 34276 | Orc:2    | Reached XP level 15. HP: 91/113 MP: 11/25
 34623 | Orc:2    | Identified the +3 executioner's axe of the Secret Realms
                  | {flame, +Inv rF- rN+}
 34629 | Orc:2    | Killed from afar by Saint Roka

Skill      XL: |  1  2  3  4  5  6  7  8  9 10 11 12 13 14 15 |
---------------+----------------------------------------------+-----
Fighting       | 1 2 3 4 9 |  9.1
Poison Magic   | 4 5 6 7 8 10 | 10.0
Invocations    | 3 6 9 11 | 11.0
Spellcasting   | 4 5 6 7 |  7.0
Shields        | 4 5 9 11 13 | 13.7
Charms         | 3 4 |  4.2
Necromancy     | 2 3 4 |  4.9
Dodging        | 8 11 | 11.1
Summonings     | 5 7 |  7.0
Ice Magic      | 4 |  4.0
Stealth        | 5 |  5.3
Conjurations   | |  0.7

Action                   |  1- 3 |  4- 6 |  7- 9 | 10-12 | 13-15 || total
-------------------------+-------+-------+-------+-------+-------++-------
Melee: Whip              |     2 |    54 |       |       |       ||    56
       Dagger            |    24 |       |       |       |       ||    24
       Flail             |       |    26 |   260 |       |       ||   286
       Hand axe          |       |       |    52 |   446 |   503 ||  1001
       Tailslap          |       |       |       |     4 |     1 ||     5
       Double sword      |       |       |       |       |    22 ||    22
Throw: Stone             |       |       |     9 |       |       ||     9
 Cast: Sting             |    13 |     1 |       |       |       ||    14
       Poisonous Vapours |    27 |    87 |    70 |   184 |   160 ||   528
       Mephitic Cloud    |       |     1 |     5 |     7 |     4 ||    17
       Olgreb's Toxic Ra |       |       |    28 |    63 |    90 ||   181
       Regeneration      |       |       |       |     5 |    12 ||    17
       Animate Dead      |       |       |       |       |    34 ||    34
       Summon Ice Beast  |       |       |       |       |    42 ||    42
Invok: Deal Four         |       |       |       |       |     1 ||     1
       Stack Five        |       |       |       |       |     1 ||     1
       Triple Draw       |       |       |       |       |     1 ||     1
 Abil: Draw Destruction  |       |     2 |     4 |    11 |    17 ||    34
       Draw Summoning    |       |       |     1 |     7 |     9 ||    17
       Draw Escape       |       |       |       |     1 |       ||     1
       Draw Stack        |       |       |       |       |     5 ||     5
Evoke: Wand              |       |       |     5 |    13 |    13 ||    31
  Use: Scroll            |     2 |     1 |     5 |     6 |     3 ||    17
       Potion            |       |       |       |     1 |     2 ||     3
 Stab: Sleeping          |     2 |     1 |       |       |     1 ||     4
       Confused          |       |       |     2 |       |       ||     2
       Distracted        |       |       |       |     1 |     4 ||     5
       Petrified         |       |       |       |       |     1 ||     1
  Eat: Chunk             |     5 |    19 |    19 |    33 |    55 ||   131
       Ration            |       |       |     2 |     4 |     5 ||    11
Armor: Robe              |     7 |    11 |       |       |       ||    18
       Leather armour    |       |     1 |   118 |    34 |    85 ||   238
       Troll leather arm |       |       |     4 |    68 |       ||    72
Dodge: Dodged            |    17 |    64 |   212 |   353 |   502 ||  1148
Block: Buckler           |       |       |    43 |   148 |   433 ||   624
       Reflection        |       |       |       |       |     7 ||     7
       Other             |       |       |       |       |     1 ||     1
       Rpst.: Double sword |       |       |       |       |     5 ||     5
